AoeStats
← Pedrulete

Nomad

505102375Analyzed
4v4 RM · 26d ago on Sep 7, 2026· 41m 41s· 8 players
Game mode
Random Map
Map size
231×231
Population
200
Speed
Normal
Resources
Standard
Victory
Conquest
Starting age
Dark Age
Ending age
Imperial Age
RankedLock teamsTeams togetherTeam positionsShared explorationLock speedFull tech treeHidden civsTurbo modeCheats
Victory
Defeat
🇩🇪 Britons · Germany
1143
+10
🇪🇸 Wei · Spain
1142
+10
🇵🇱 Cumans · Poland
1042
+14
🇨🇿 Japanese · Czechia
978
+17
🇳🇴 Portuguese · Norway
1152
-18
🇵🇪 Teutons · Peru
992
-12
🇦🇷 Turks · Argentina
947
-35
🇨🇴 Vietnamese · Colombia
922
-10
mnich_bor
4:32 Loom
15:15 Feudal Age
15:53 Horse Collar
16:01 Double-Bit Axe
30:22 Castle Age
28:58 Fletching
29:09 Padded Archer Armor
36:09 Imperial Age
33:16 Capped Ram
35:41 Bodkin Arrow
36:02 Leather Archer Armor
36:17 Ballistics
39:03 Chemistry
38:41 Ring Archer Armor
40:50 Elite Kipchak
41:51 Forging
41:41 Scale Mail Armor
41:46 Scale Barding Armor
Iribaar
5:04 Loom
14:52 Feudal Age
19:56 Castle Age
17:47 Fletching
17:59 Padded Archer Armor
17:51 Double-Bit Axe
18:07 Gold Mining
19:03 Fishing Lines
20:07 Padded Archer Armor
21:23 Bow Saw
22:07 Gillnets
22:07 Horse Collar
23:20 Bodkin Arrow
23:41 Leather Archer Armor
23:42 Crossbowman
24:44 Heavy Plow
25:01 Town Watch
25:52 Wheelbarrow
28:44 Gold Shaft Mining
27:59 Stone Mining
31:35 Hand Cart
38:33 Imperial Age
36:26 Yeomen
36:25 Medium Warships
37:26 Ballistics
37:02 Murder Holes
38:01 Treadmill Crane
39:33 Bracer
38:56 Arbalester
40:38 Chemistry
40:10 Ring Archer Armor
40:36 Conscription
Pedrulete
10:16 Loom
14:13 Feudal Age
14:42 Double-Bit Axe
14:47 Horse Collar
15:17 Stone Mining
16:23 Gold Mining
16:19 Fishing Lines
21:15 Castle Age
20:15 Wheelbarrow
21:11 Scale Barding Armor
22:13 Bloodlines
22:03 Husbandry
25:04 Forging
27:56 Town Watch
28:44 Bow Saw
29:51 Chain Barding Armor
32:29 Iron Casting
32:33 Heavy Plow
37:56 Imperial Age
36:28 Hand Cart
37:48 Gold Shaft Mining
38:01 Elite Tiger Cavalry
39:43 Conscription
40:55 Blast Furnace
42:21 Ming Guang Armor
41:59 Tuntian
42:46 Stone Shaft Mining
PRDzBRD
3:36 Loom
16:07 Feudal Age
17:27 Wheelbarrow
16:38 Town Watch
17:04 Fishing Lines
19:48 Double-Bit Axe
25:41 Castle Age
24:14 Scale Mail Armor
24:25 Forging
24:14 Stone Mining
26:49 Hand Cart
27:13 Town Patrol
27:49 Squires
27:35 Arson
28:09 Chain Mail Armor
28:30 Iron Casting
27:48 Gold Mining
28:42 Gillnets
36:24 Fletching
41:51 Imperial Age
39:34 Elite Skirmisher
41:01 Bow Saw
41:32 Bodkin Arrow
Rogebeto
17:12 Feudal Age
18:40 Wheelbarrow
17:55 Double-Bit Axe
17:57 Fishing Lines
18:29 Loom
24:12 Castle Age
22:19 Gold Mining
24:40 Horse Collar
25:36 Hand Cart
24:52 Crossbowman
27:40 Ballistics
27:28 Gillnets
29:58 Thumb Ring
30:10 Squires
29:55 Arson
skarpiz
5:24 Loom
6:14 Loom
14:00 Feudal Age
18:22 Castle Age
16:10 Town Watch
16:16 Fishing Lines
17:03 Double-Bit Axe
20:22 Wheelbarrow
21:59 Hand Cart
23:13 Bow Saw
25:04 Horse Collar
25:15 Stone Mining
31:39 Imperial Age
29:41 Heavy Plow
29:18 Crossbowman
29:57 Gold Mining
31:16 Town Patrol
31:22 Fletching
31:53 Bodkin Arrow
33:49 Two-Man Saw
33:30 Bracer
34:24 Ballistics
35:07 Chemistry
34:28 Ballistics
36:31 Padded Archer Armor
36:40 Arbalester
38:55 Leather Archer Armor
Dtox
11:17 Loom
14:58 Feudal Age
18:35 Double-Bit Axe
18:49 Arson
18:55 Fishing Lines
19:55 Man-at-Arms
21:21 Horse Collar
23:13 Wheelbarrow
24:49 Gold Mining
28:19 Castle Age
27:20 Scale Mail Armor
27:33 Forging
28:11 Padded Archer Armor
30:01 Squires
31:03 Crossbowman
31:39 Fletching
34:21 Town Watch
37:15 Bow Saw
40:24 Stone Mining
40:25 Gold Mining
42:03 Ballistics
Cid Scarto
5:07 Loom
14:46 Feudal Age
19:02 Castle Age
17:07 Double-Bit Axe
18:57 Horse Collar
27:28 Elite Skirmisher
29:14 Wheelbarrow
29:26 Fletching
32:34 Forging
33:22 Bloodlines
33:50 Scale Mail Armor
36:36 Padded Archer Armor
Connection lost

Rejoining the realm…

Still unreachable

The connection could not be restored.

Session expired

The server has moved on; the page needs a fresh start.